 Dungeon Crawl Stone Soup version 0.27.1 (webtiles) character file.

Game seed: 7153827069574817581

1239 BOMJPIETVODKU the Firebug (level 8, -4/57 HPs)
             Began as a Red Draconian Fire Elementalist on Aug 23, 2021.
             Was an Initiate of Vehumet.
             Shot with an arrow by a centaur warrior (6 damage)
             ... on level 9 of the Dungeon.
             The game lasted 00:22:35 (6495 turns).

BOMJPIETVODKU the Firebug (DrFE)                    Turns: 6495, Time: 00:22:36

Health: -4/57      AC:  8    Str: 11    XL:     8   Next: 25%
Magic:  10/15      EV: 12    Int: 17    God:    Vehumet [......]
Gold:   199        SH:  0    Dex: 12    Spells: 9/17 levels left

rFire    + . .     SeeInvis .   c - +2 flail (vorpal)
rCold    . . .     Faith    .   (no shield)
rNeg     . . .     Spirit   .   (armour unavailable)
rPois    .         Reflect  .   (helmet restricted)
rElec    .         Harm     .   (no cloak)
rCorr    .         Rampage  .   (no gloves)
Will     .....                  h - +1 pair of boots
Stlth    ++........             (no amulet)
HPRegen  0.19/turn              (no ring)
MPRegen  0.14/turn              (no ring)

@: about to teleport
A: breathe fire, AC +6, unfitting armour, fire resistance 1, cold-blooded
a: Breathe Fire, Renounce Religion


You were on level 9 of the Dungeon.
You worshipped Vehumet.
Vehumet was noncommittal.
You visited 2 branches of the dungeon, and saw 8 of its levels.

You collected 199 gold pieces.

Inventory:

Hand Weapons
 c - a +2 vorpal flail (weapon)
Missiles
 e - 21 poisoned darts
 g - a throwing net
Armour
 b - a +0 buckler
 h - a +1 pair of boots (worn)
Jewellery
 d - an amulet of faith
Scrolls
 j - a scroll of torment
 m - 2 scrolls of amnesia
Potions
 a - a potion of flight
 f - a potion of heal wounds
 i - 2 potions of attraction {unknown}
 l - a potion of might {unknown}


   Skills:
 - Level 0.1 Fighting
 - Level 0.1(0.2) Short Blades
 - Level 0.1(0.2) Long Blades
 - Level 0.1(0.2) Axes
 - Level 0.1(0.3) Polearms
 - Level 0.1(0.2) Staves
 + Level 1.0 Slings
 + Level 0.1 Bows
 + Level 0.1 Crossbows
 - Level 1.7 Dodging
 - Level 1.7 Stealth
 + Level 0.1 Shields
 - Level 0.1 Unarmed Combat
 + Level 5.3 Spellcasting
 + Level 5.2 Conjurations
 + Level 0.1 Hexes
 + Level 0.3 Summonings
 + Level 0.1 Necromancy
 + Level 0.1 Translocations
 + Level 0.1 Transmutations
 * Level 7.4 Fire Magic
 - Level 1.0 Ice Magic
 + Level 0.1 Air Magic
 + Level 0.2 Earth Magic
 + Level 0.2 Poison Magic
 + Level 0.2 Invocations
 + Level 0.2 Evocations


You had 9 spell levels left.
You knew the following spells:

 Your Spells              Type           Power      Damage    Failure   Level
a - Foxfire               Conj/Fire      100%       2x1d9     1%          1
b - Conjure Flame         Conj/Fire      26%        6-21      3%          3
c - Sticky Flame          Conj/Fire      26%        2d5       10%         4

Your spell library contained the following spells:

 Spells                   Type           Power      Damage    Failure   Level
 Shock                    Conj/Air       52%        1d6       4%          1
 Inner Flame              Hex/Fire       17%        N/A       9%          3
 Sublimation of Blood     Necr           2%         N/A       19%         2
 Wereblood                Tmut           5%         N/A       19%         2
 Fireball                 Conj/Fire      13%        3d7       28%         5
 Gell's Gravitas          Tloc           2%         N/A       36%         3
 Lesser Beckoning         Tloc           2%         N/A       36%         3
 Swiftness                Air            5%         N/A       36%         3
 Teleport Other           Tloc           5%         N/A       36%         3
 Airstrike                Air            2%         N/A       77%         4
 Freezing Cloud           Conj/Ice/Air   5%         6-21      85%         5
 Simulacrum               Ice/Necr       3%         N/A       100%        6
 Summon Hydra             Summ           2%         N/A       100%        7
 Polar Vortex             Ice            4%         N/A       100%        9


Dungeon Overview and Level Annotations

Branches:
Dungeon (6/15)             Temple (1/1) D:4

Altars:
Ashenzari
Cheibriados
Dithmenos
Elyvilon
Fedhas
Gozag
Hepliaklqana
Kikubaaqudgha
Makhleb
Nemelex Xobeh
Okawaru
Qazlal
Ru
Sif Muna
Trog
Uskayaw
Vehumet
Wu Jian
Xom
Yredelemnul
Zin
The Shining One


Innate Abilities, Weirdness & Mutations

You can breathe blasts of fire.
Your fiery red scales are hard. (AC +6)
You cannot fit into any form of body armour.
Your flesh is heat resistant. (rF+)
You are cold-blooded and may be slowed by cold attacks.


Message History

You conjure some foxfire!
The orc shouts!
The yak burns!
You kill the yak!
Vehumet accepts your kill.
Found 10 gold pieces.
The foxfire hits the orc.
The orc is almost dead.
You hear a shout!
An orc and an orc wizard come into view.
The orc wizard is wielding a +1 dagger of venom.
Your foxfire dissipates!
The orc wizard hits you but does no damage.
An orc comes into view. It is wielding a +0 mace.
Found a glowing short sword.
An orc wizard comes into view. It is wielding a +0 dagger.
The orc wizard gestures at you while chanting.
The magic dart hits you.
The orc shouts!
The orc wizard shouts!
You hear an angry hiss.
Found a coppery potion and a book of Spectacle.
A meliai comes into view. It is wielding a +0 hand axe.
A gargoyle, an ugly thing, a centaur warrior and a cyclops come into view.
Found 20 stones.
The centaur warrior shouts!
The meliai buzzes angrily.
The green ugly thing gurgles horribly!
The centaur warrior wields a +1 shortbow of flaming.
It bursts into flame!
The centaur warrior shoots an arrow.
The arrow hits you. The arrow burns you.
The green ugly thing moves out of view.
The meliai hits you with a +0 hand axe!
The meliai stings you but does no damage.
The centaur warrior shoots an arrow.
The arrow completely misses you. The cyclops hits you!
* * * LOW HITPOINT WARNING * * *
A red ugly thing comes into view.
The meliai hits you with a +0 hand axe.
* * * LOW HITPOINT WARNING * * *
The meliai closely misses you.
As you read the scroll of teleportation, it crumbles to dust.
You feel strangely unstable.
The centaur warrior shoots an arrow.
The arrow hits you.
You die...

#......o..#..........
#.......###....o..#
...###.....o###.....
#.....o..# ...
#[.#.o#.$# .
####o.#### #..#..#..#
#.C...9.!# ##@y....##
#.u.....###....
#..(.....c# .....
#..#.).#..# .#..# ##
#.⌠.#### ..# #.:. .#
.... u....


You could see 2 ugly things, a centaur warrior, a cyclops, a gargoyle, a meliai,
an orc wizard and 3 orcs.

Vanquished Creatures
  Grinder (D:6)
  A yak (D:9)
  2 black bears
  2 necrophages
  An ogre (D:6)
  A bullfrog zombie (D:6)
  2 centaur zombies
  An orc priest (D:4)
  A hound (D:5)
  A jelly (D:5)
  Crazy Yiuf (D:4)
  A centaur skeleton (D:6)
  Terence (D:2)
  2 iguanas
  3 adders
  4 gnolls
  An adder skeleton (D:5)
  A worm (D:2)
  3 dart slugs
  9 orcs
  3 ball pythons
  3 bats
  9 endoplasms
  2 giant cockroaches (D:2)
  4 goblins
  6 hobgoblins
  3 quokkas (D:1)
  5 frilled lizards
  5 kobolds
  9 rats
88 creatures vanquished.

Vanquished Creatures (collateral kills)
  A foxfire (D:1)
1 creature vanquished.

Vanquished Creatures (others)
  261 foxfires
261 creatures vanquished.

Grand Total: 350 creatures vanquished

Notes
Turn   | Place    | Note
-------+----------+-------------------------------------------
     0 | D:1      | BOMJPIETVODKU the Draconian Fire Elementalist began the
                  | quest for the Orb.
     0 | D:1      | Reached XP level 1. HP: 14/14 MP: 3/3
   214 | D:1      | Found a faded altar of an unknown god.
   230 | D:1      | Reached XP level 2. HP: 20/20 MP: 1/5
  1083 | D:2      | Reached XP level 3. HP: 26/26 MP: 3/6
  1135 | D:2      | Reached skill level 4 in Fire Magic
  1492 | D:2      | Noticed a necrophage
  1533 | D:1      | Killed a necrophage
  1534 | D:1      | Reached XP level 4. HP: 24/33 MP: 0/8
  1641 | D:2      | Reached XP level 5. HP: 38/38 MP: 7/9
  2165 | D:3      | Noticed Terence
  2217 | D:2      | Killed Terence
  3601 | D:4      | Noticed a black bear
  3680 | D:4      | Killed a black bear
  3681 | D:4      | Reached skill level 5 in Fire Magic
  3681 | D:4      | Reached XP level 6. HP: 20/45 MP: 4/11
  3864 | D:4      | Learned a level 3 spell: Conjure Flame
  3998 | D:4      | HP: 2/45 [poisoned by an orc]
  4337 | D:4      | Found a staircase to the Ecumenical Temple.
  4342 | Temple   | Entered the Ecumenical Temple
  4413 | Temple   | Became a worshipper of Vehumet
  4536 | D:4      | Found a runed translucent door.
  4537 | D:4      | Noticed Crazy Yiuf
  4549 | D:4      | Killed Crazy Yiuf
  4736 | D:5      | Entered Level 5 of the Dungeon
  5050 | D:5      | Noticed a wyvern
  5394 | D:5      | Found a burning altar of Makhleb.
  5729 | D:6      | Reached skill level 1 in Ice Magic
  5729 | D:6      | Your scales start taking on a fiery red colour.
  5729 | D:6      | Reached skill level 6 in Fire Magic
  5729 | D:6      | Reached XP level 7. HP: 46/50 MP: 5/13
  5729 | D:6      | Gained mutation: Your flesh is heat resistant. (rF+) [Red
                  | Draconian growth]
  6040 | D:6      | Reached skill level 5 in Spellcasting
  6040 | D:6      | Reached skill level 7 in Fire Magic
  6320 | D:6      | Noticed Grinder
  6329 | D:6      | Paralysed by Grinder for 3 turns
  6342 | D:6      | Killed Grinder
  6343 | D:6      | Reached skill level 1 in Slings
  6343 | D:6      | Reached skill level 5 in Conjurations
  6343 | D:6      | Reached XP level 8. HP: 46/57 MP: 10/15
  6420 | D:6      | Learned a level 4 spell: Sticky Flame
  6471 | D:6      | You fall into a shaft and drop 3 floors!
  6492 | D:9      | Noticed a meliai
  6493 | D:9      | Noticed a cyclops
  6493 | D:9      | Noticed a gargoyle
  6493 | D:9      | Noticed a green ugly thing
  6493 | D:9      | Noticed a centaur warrior
  6494 | D:9      | Noticed a red ugly thing
  6494 | D:9      | HP: 2/57 [meliai (5)]
  6495 | D:9      | Shot with an arrow by a centaur warrior

Illustrated notes

Levels and vault maps discovered:
D:1:      wheals_arrival_shading, layout_basic, shapermc_ecumenical_altar_gd
D:2:      layout_rooms
D:3:      layout_basic, serial_glass, glass_columns_c, glass_columns_a,
          glass_columns_a, glass_columns_c, kennysheep_minor_cross,
          roderic_cross_of_infinity, minivault_14, uniq_terence
D:4:      layout_basic, minmay_temple_entry_glassed_door,
          uniq_crazy_yiuf_cottage
D:5:      layout_loops_ring, mainiacjoe_overflow_tiny_flanked,
          lightli_corner_chamber
D:6:      layout_rooms, serial_shops, nicolae_take_the_stairs,
          kennysheep_generic_room_2, uniq_blork_the_orc, uniq_grinder
D:9:      hangedman_cross_cluster, layout_long_grid
Temple:   dpeg_three_leaves_temple

Skill      XL: |  1  2  3  4  5  6  7 |
---------------+----------------------+-----
Fire Magic     | 4 5 6 7 |  7.4
Spellcasting   | 3 4 5 |  5.3
Conjurations   | 2 3 5 |  5.2
Ice Magic      | 1 |  1.0
Slings         | 1 |  1.0
Fighting       | |  0.1
Short Blades   | |  0.1
Long Blades    | |  0.1
Axes           | |  0.1
Polearms       | |  0.1
Staves         | |  0.1
Bows           | |  0.1
Crossbows      | |  0.1
Dodging        | |  1.7
Stealth        | |  1.7
Shields        | |  0.1
Unarmed Combat | |  0.1
Hexes          | |  0.1
Summonings     | |  0.3
Necromancy     | |  0.1
Translocations | |  0.1
Transmutations | |  0.1
Air Magic      | |  0.1
Earth Magic    | |  0.2
Poison Magic   | |  0.2
Invocations    | |  0.2
Evocations     | |  0.2

Action                   |  1- 3 |  4- 6 |  7- 9 || total
-------------------------+-------+-------+-------++-------
Melee: Club              |     9 |     4 |       ||    13
       Unarmed           |     5 |       |       ||     5
       Tailslap          |     1 |     3 |     5 ||     9
       Flail             |       |    50 |    11 ||    61
 Cast: Foxfire           |    63 |    87 |    24 ||   174
       Conjure Flame     |       |    10 |       ||    10
       Sticky Flame      |       |       |     2 ||     2
 Abil: Breathe Fire      |       |       |     2 ||     2
  Use: Scroll            |       |    11 |     1 ||    12
 Stab: Sleeping          |       |     1 |       ||     1
Armor: Skin              |    13 |    44 |    31 ||    88
Dodge: Dodged            |    33 |    96 |    36 ||   165
